 Dungeon Crawl Stone Soup version 0.31.0-11-ge490571c62 (webtiles) character file.

Game seed: 14894961690468041573

2872 Ashen the Thaumaturge (level 9, -7/66 HPs)
             Began as a Gnoll Hedge Wizard on Jan 27, 2024.
             Was an Initiate of Vehumet.
             Mangled by an ice beast (13 damage)
             ... on level 8 of the Dungeon.
             The game lasted 00:22:21 (9552 turns).

Ashen the Thaumaturge (Gnoll Hedge Wizard)          Turns: 9552, Time: 00:22:22

Health: -7/66      AC:  5    Str: 11    XL:     9   Next: 76%
Magic:  19/21      EV: 13    Int: 23    God:    Vehumet [......]
Gold:   354        SH:  0    Dex: 11    Spells: 19/25 levels left

rFire   . . .        a - +0 glaive (venom)
rCold   . . .        (shield currently unavailable)
rNeg    . . .        u - +0 leather armour
rPois   .            D - +1 helmet
rElec   .            (no cloak)
rCorr   .            (no gloves)
SInv    +            (no boots)
Will    .....        (no amulet)
Stlth   +++          i - +6 ring of intelligence
HPRegen 0.31/turn    q - ring of see invisible
MPRegen 0.17/turn

%: no passive effects
@: no status effects
A: fangs 1, strong nose, distributed training
a: Renounce Religion


You were on level 8 of the Dungeon.
You worshipped Vehumet.
Vehumet was noncommittal.
You visited 1 branch of the dungeon, and saw 8 of its levels.

You collected 354 gold pieces.

Inventory:

Hand Weapons
 a - a +0 glaive of venom (weapon)
 b - the +9 rapier "Spiderslayer" {antimagic, *Corrode Int+5 Dex+3}
   (You took it off a kobold on level 4 of the Dungeon)

   Int+5:     It affects your intelligence (+5).
   Dex+3:     It affects your dexterity (+3).
   *Corrode:  It may corrode you when you take damage.
 d - a +0 whip of flaming
 j - a +0 trident
 y - a +2 spear of freezing
Missiles
 r - 2 throwing nets
Armour
 c - an orb of energy
 k - a +2 ring mail of cold resistance
 u - a +0 leather armour (worn)
 D - a +1 helmet (worn)
Magical Staves
 H - a staff of conjuration
Jewellery
 i - a +6 ring of intelligence (left hand)
 q - a ring of see invisible (right hand)
 G - a ring of willpower
Wands
 t - a wand of digging (6)
 x - a wand of paralysis (7)
 A - a wand of quicksilver (19)
Scrolls
 e - a scroll of immolation {unknown}
 f - 5 scrolls of teleportation {unknown}
 g - a scroll of torment {unknown}
 h - a scroll of poison {unknown}
 l - a scroll of enchant armour {unknown}
 B - a scroll of revelation {unknown}
 C - 2 scrolls of noise {unknown}
 F - a scroll of amnesia {unknown}
 I - a scroll of identify
Potions
 m - 2 potions of curing
 n - 2 potions of enlightenment
 o - 3 potions of ambrosia
 p - 2 potions of magic
 s - 3 potions of heal wounds
 v - a potion of attraction
 w - 3 potions of haste
 z - a potion of mutation {unknown}
 E - 2 potions of invisibility


   Skills:
 + Level 4.7 Fighting
 + Level 4.7 Short Blades
 + Level 4.7 Long Blades
 + Level 4.7 Axes
 + Level 4.7 Maces & Flails
 + Level 4.7 Polearms
 + Level 4.7 Staves
 + Level 4.7 Ranged Weapons
 + Level 4.7 Throwing
 + Level 4.7 Armour
 + Level 6.6 Dodging
 + Level 6.4 Stealth
 + Level 4.7 Shields
 + Level 4.7 Unarmed Combat
 + Level 8.7 Spellcasting
 + Level 4.5 Conjurations
 + Level 3.9 Hexes
 + Level 4.5 Summonings
 + Level 3.9 Necromancy
 + Level 4.5 Translocations
 + Level 3.9 Fire Magic
 + Level 3.9 Ice Magic
 + Level 3.9 Air Magic
 + Level 3.9 Earth Magic
 + Level 3.9 Alchemy
 + Level 5.2 Invocations
 + Level 4.7 Evocations
 + Level 4.3 Shapeshifting


You had 19 spell levels left.
You knew the following spells:

 Your Spells              Type           Power      Damage    Failure   Level
a - Magic Dart            Conj           100%       1d8       1%          1
b - Blink                 Tloc           60%        N/A       1%          2
c - Mephitic Cloud        Conj/Alch/Air  29%        N/A       4%          3

Your spell library contained the following spells:

 Spells                   Type           Power      Damage    Failure   Level
 Slow                     Hex            100%       N/A       1%          1
 Call Imp                 Summ           60%        N/A       1%          2
 Cigotuvi's Dreadful Rot  Necr/Alch/Air  56%        N/A       2%          2
 Dazzling Flash           Conj/Hex       58%        N/A       4%          3
 Ozocubu's Armour         Ice            28%        N/A       4%          3
 Curse of Agony           Necr           28%        N/A       41%         5
 Metabolic Englaciation   Hex/Ice        14%        N/A       41%         5
 Silence                  Hex/Air        14%        N/A       41%         5
 Sculpt Simulacrum        Ice/Alch       14%        N/A       94%         6


Dungeon Overview and Level Annotations

Branches:
Dungeon (8/15)             Temple (0/1) D:4
   Lair: D:8-11

Altars:
Ashenzari
Cheibriados
Dithmenos
Gozag
Hepliaklqana
Makhleb
Okawaru
Ru
Trog
Vehumet
Wu Jian
Zin

Annotations:
D:1 1 exclusion
D:4 exclusion: oklob sapling


Innate Abilities, Weirdness & Mutations

You have very sharp teeth.
Your uncanny sense of smell can sniff out nearby items.
Your experience applies equally to all skills.


Message History

The magic dart hits the ice beast.
The ice beast is heavily wounded.
You slash the ice beast!
The ice beast is severely wounded.
The ice beast closely misses you. The ice beast hits you.
The ice beast freezes you!
You closely miss the ice beast.
The ice beast is severely wounded.
The ice beast barely misses you.
You closely miss the ice beast.
The ice beast is severely wounded.
The ice beast misses you. The ice beast hits you. The ice beast freezes you.
You hit the ice beast but do no damage.
The ice beast is severely wounded.
The ice beast hits you but does no damage.
You slash the ice beast!
You bite the ice beast, but do no damage.
The ice beast is almost dead.
The ice beast barely misses you.
The ice beast hits you but does no damage.
You closely miss the ice beast.
The ice beast is almost dead.
The ice beast barely misses you.
You closely miss the ice beast.
The ice beast is almost dead.
The ice beast hits you. The ice beast freezes you!
The ice beast hits you but does no damage.
You closely miss the ice beast.
The ice beast is almost dead.
The ice beast hits you but does no damage.
You closely miss the ice beast.
The ice beast is almost dead.
The ice beast hits you. The ice beast freezes you!
* * * LOW HITPOINT WARNING * * *
You closely miss the ice beast.
The ice beast is almost dead.
The ice beast hits you.
* * * LOW HITPOINT WARNING * * *
The ice beast freezes you!
You die...

####### ############.......
#..).......#.......
#.########.#....... #.#
#.#.......
#############.########.#.......
................@Y(......>.....
#############.##########.......
# #.# .P.~~.. ### #.# ..~~♣P~
..... #.# .~P~~~≈ ..... #.#
..~~P.P ..... ... ....[#P ..P..
... #..... .♣~~~


You could see an ice beast.

Vanquished Creatures
  Pikel (D:7)
  A hornet (D:8)
  Grinder (D:6)
  2 water moccasins
  Duvessa (D:5)
  A black bear (D:5)
  4 orc warriors (D:7)
  A centaur (D:7)
  An ogre (D:5)
  4 lemures
  Blork the orc (D:5)
  A kobold brigand (D:5)
  3 bullfrogs
  A scorpion (D:6)
  Dowan (D:5)
  2 gnoll boudas
  2 hounds
  A jelly (D:7)
  An iguana (D:5)
  2 sleepcaps
  4 orc wizards
  Robin (D:3)
  8 gnolls (D:4)
  10 adders
  2 shadow imps
  A ribbon worm (D:2)
  6 dart slugs
  25 orcs
  13 endoplasms
  5 giant cockroaches
  13 goblins
  9 hobgoblins
  10 jackals
  2 quokkas
  7 ball pythons
  6 bats
  2 frilled lizards (D:3)
  8 kobolds
  2 rats
166 creatures vanquished.

Vanquished Creatures (others)
  An electric eel (D:8)
1 creature vanquished.

Grand Total: 167 creatures vanquished

Notes
Turn   | Place    | Note
-------+----------+-------------------------------------------
     0 | D:1      | Ashen the Gnoll Hedge Wizard began the quest for the Orb.
     0 | D:1      | Reached XP level 1. HP: 13/13 MP: 8/8
   152 | D:1      | Found a faded altar of an unknown god.
   231 | D:1      | Reached XP level 2. HP: 20/20 MP: 6/10
   962 | D:1      | Reached XP level 3. HP: 23/25 MP: 5/11
  1509 | D:2      | Reached skill level 1 in Invocations
  1772 | D:2      | Reached skill level 1 in Fighting
  1772 | D:2      | Reached skill level 1 in Short Blades
  1772 | D:2      | Reached skill level 1 in Long Blades
  1772 | D:2      | Reached skill level 1 in Axes
  1772 | D:2      | Reached skill level 1 in Maces & Flails
  1772 | D:2      | Reached skill level 1 in Polearms
  1772 | D:2      | Reached skill level 1 in Staves
  1772 | D:2      | Reached skill level 1 in Ranged Weapons
  1772 | D:2      | Reached skill level 1 in Throwing
  1772 | D:2      | Reached skill level 1 in Armour
  1772 | D:2      | Reached skill level 1 in Shields
  1772 | D:2      | Reached skill level 1 in Unarmed Combat
  1772 | D:2      | Reached skill level 1 in Evocations
  1885 | D:2      | Reached skill level 1 in Shapeshifting
  1885 | D:2      | Reached XP level 4. HP: 32/32 MP: 7/13
  2053 | D:2      | Learned a level 2 spell: Blink
  2057 | D:2      | Learned a level 3 spell: Mephitic Cloud
  2397 | D:2      | Reached skill level 1 in Hexes
  2397 | D:2      | Reached skill level 1 in Necromancy
  2397 | D:2      | Reached skill level 1 in Fire Magic
  2397 | D:2      | Reached skill level 1 in Ice Magic
  2397 | D:2      | Reached skill level 1 in Air Magic
  2397 | D:2      | Reached skill level 1 in Earth Magic
  2397 | D:2      | Reached skill level 1 in Alchemy
  2471 | D:3      | Found an iron altar of Okawaru.
  2842 | D:3      | Reached XP level 5. HP: 37/37 MP: 7/14
  3066 | D:3      | Found an opulent altar of Gozag.
  3154 | D:3      | Found a broken altar of Ashenzari.
  3574 | D:4      | Identified the +9 rapier "Spiderslayer" {antimagic,
                  | *Corrode Int+5 Dex+3}
  3574 | D:4      | Noticed Robin
  3598 | D:3      | Killed Robin
  3599 | D:3      | Reached XP level 6. HP: 37/42 MP: 12/16
  3827 | D:4      | Reached skill level 5 in Dodging
  4077 | D:4      | Found a glowing silver altar of Zin.
  4505 | D:4      | Found a staircase to the Ecumenical Temple.
  4769 | D:5      | Entered Level 5 of the Dungeon
  4797 | D:5      | Noticed Duvessa
  4797 | D:5      | Noticed Dowan
  4810 | D:5      | Noticed Blork the orc
  4923 | D:5      | Reached XP level 7. HP: 18/51 MP: 14/18
  5503 | D:5      | Killed Duvessa
  5504 | D:5      | Reached skill level 5 in Stealth
  5524 | D:5      | Killed Dowan
  5697 | D:5      | Reached XP level 8. HP: 15/58 MP: 16/19
  6264 | D:5      | Found a hazy altar of Hepliaklqana.
  6264 | D:5      | Found a burning altar of Makhleb.
  6281 | D:5      | Killed Blork the orc
  6288 | D:5      | Found a bloodstained altar of Trog.
  6291 | D:5      | Found a radiant altar of Vehumet.
  6311 | D:5      | Became a worshipper of Vehumet
  6534 | D:6      | Reached skill level 8 in Spellcasting
  7157 | D:6      | Noticed Grinder
  7175 | D:6      | Killed Grinder
  8001 | D:7      | Noticed Pikel
  8257 | D:7      | Reached XP level 9. HP: 41/65 MP: 15/21
  8484 | D:7      | Found a snail-covered altar of Cheibriados.
  8485 | D:7      | Found a sacrificial altar of Ru.
  8486 | D:7      | Found an ornate altar of the Wu Jian Council.
  8487 | D:7      | Found a shadowy altar of Dithmenos.
  9211 | D:7      | Killed Pikel
  9212 | D:7      | Reached skill level 5 in Invocations
  9286 | D:8      | Noticed a hornet
  9297 | D:8      | Killed a hornet
  9315 | D:8      | Noticed a hornet
  9552 | D:8      | Mangled by an ice beast

Illustrated notes

Levels and vault maps discovered:
D:1:      matt_arrival_grand_opening, layout_basic,
          ebering_ecumenical_altar_mist, grunt_decor_cap,
          roderic_cross_of_infinity, due_unseen_surprise
D:2:      layout_basic
D:3:      layout_basic, hellmonk_okawaru_the_only_friend_you_need,
          nicolae_ashenzari_skybound, mainiacjoe_overflow_brackets
D:4:      layout_cave_pods, kennysheep_mini, minmay_temple_entry_oklob,
          uniq_robin
D:5:      layout_rooms, grunt_temple_overflow_cloverleaf,
          roderic_serpentine_path, kennysheep_another_room, uniq_duvessa,
          uniq_blork_the_orc
D:6:      layout_basic, lemuel_flamethrower_2, uniq_grinder
D:7:      layout_cave_pools, chequers_temple_overflow_statue_of_worship,
          uniq_pikel
D:8:      layout_basic, serial_bayou, serial_bayou_lagoon_b,
          serial_bayou_pond_b, serial_bayou_pond_c, serial_bayou_lagoon_a

Skill      XL: |  1  2  3  4  5  6  7  8  9 |
---------------+----------------------------+-----
Conjurations   | 2 3 4 |  4.5
Summonings     | 2 3 4 |  4.5
Translocations | 2 3 4 |  4.5
Invocations    | 1 2 3 4 5 |  5.2
Fighting       | 1 2 3 4 |  4.7
Short Blades   | 1 2 3 4 |  4.7
Long Blades    | 1 2 3 4 |  4.7
Axes           | 1 2 3 4 |  4.7
Maces & Flails | 1 2 3 4 |  4.7
Polearms       | 1 2 3 4 |  4.7
Staves         | 1 2 3 4 |  4.7
Ranged Weapons | 1 2 3 4 |  4.7
Throwing       | 1 2 3 4 |  4.7
Armour         | 1 2 3 4 |  4.7
Shields        | 1 2 3 4 |  4.7
Unarmed Combat | 1 2 3 4 |  4.7
Evocations     | 1 2 3 4 |  4.7
Shapeshifting  | 1 2 3 4 |  4.3
Hexes          | 1 2 3 |  3.9
Necromancy     | 1 2 3 |  3.9
Fire Magic     | 1 2 3 |  3.9
Ice Magic      | 1 2 3 |  3.9
Air Magic      | 1 2 3 |  3.9
Earth Magic    | 1 2 3 |  3.9
Alchemy        | 1 2 3 |  3.9
Dodging        | 5 6 |  6.6
Stealth        | 5 6 |  6.4
Spellcasting   | 8 |  8.7

Action                     |  1- 3 |  4- 6 |  7- 9 || total
---------------------------+-------+-------+-------++-------
  Melee: Dagger            |     6 |       |       ||     6
         Trident           |       |   124 |   123 ||   247
         Bite              |       |    17 |    33 ||    50
         Rapier            |       |    32 |       ||    32
         Punch             |       |     1 |       ||     1
         Glaive            |       |       |   146 ||   146
   Cast: Magic Dart        |    97 |   101 |    38 ||   236
         Mephitic Cloud    |       |     8 |    27 ||    35
  Evoke: Wand              |       |       |     2 ||     2
    Use: Potion            |     1 |       |     1 ||     2
         Scroll            |       |       |     6 ||     6
   Stab: Sleeping          |     1 |       |     7 ||     8
         Confused          |       |     7 |    13 ||    20
 Armour: Robe              |    16 |     4 |       ||    20
         Ring mail         |       |   142 |       ||   142
         Leather armour    |       |     3 |   159 ||   162
  Dodge: Dodged            |    22 |   138 |   194 ||   354
